 Dungeon Crawl Stone Soup version 0.16-a0-1784-gf5591c9 (webtiles) character file.

5623 Gorice the Basher (level 10, -4/105 HPs)
             Began as a Demonspawn Wanderer on Nov 1, 2014.
             Was an Elder of Okawaru.
             Slain by a gargoyle
             ... wielding a +0 flail
              (6 damage)
             ... on level 10 of the Dungeon.
             The game lasted 01:26:58 (12693 turns).

Gorice the Basher (Demonspawn Wanderer)            Turns: 12693, Time: 01:26:58

Health: -4/105     AC: 25    Str: 16    XL:     10   Next: 46%
Magic:  8/10       EV:  2    Int: 14    God:    Okawaru [****..]
Gold:   500        SH:  0    Dex: 12    Spells: 0 memorised, 9 levels left

rFire  . . .     SeeInvis .     a - +0 dire flail (drain)
rCold  . . .     Clarity  .     N - melded +2 ring mail {rC+}
rNeg   + + +     SustAb   +     (no shield)
rPois  +         Gourm    .     (helmet currently unavailable)
rElec  .         Spirit   .     (cloak currently unavailable)
rCorr  +         Warding  .     (gloves currently unavailable)
rMut   .         NoTele   +     y - melded +1 pair of boots (curse)
MR     .....                    c - amulet of resist corrosion
Stlth  +++++.....               (no ring)
                                p - ring of sustain abilities

@: tree-form, heroism, not resistant to hostile enchantments, quite stealthy
A: (antennae 0), (large bone plates 0), (fire resistance 0), nightstalker 1,
(poison resistance)
a: Heroism, Renounce Religion


You were on level 10 of the Dungeon.
You worshipped Okawaru.
Okawaru was greatly pleased with you.
You were not hungry.
You were a tree.
You visited 2 branches of the dungeon, and saw 11 of its levels.

You collected 500 gold pieces.

Inventory:

Hand weapons
 a - a +0 dire flail of draining (weapon)
 b - a +0 hunting sling
 k - a +0 whip of flaming
 m - a +0 arbalest of freezing
 B - a +0 shortbow
 P - a +0 shortbow
Missiles
 e - 5 javelins (quivered)
 g - 47 bolts
 q - 45 sling bullets
 u - 30 poisoned needles
 w - 14 tomahawks
 M - 19 poisoned bolts
 T - 2 poisoned sling bullets
 Y - 2 throwing nets
 Z - 151 stones
Armour
 t - a +0 scale mail of cold resistance
 x - a +2 scale mail of poison resistance
 y - a cursed +1 pair of boots (melded)
 D - a +0 plate armour
 N - a +2 ring mail of cold resistance (melded)
Jewellery
 c - an amulet of resist corrosion (around neck)
 p - a ring of sustain abilities (left branch)
 J - an uncursed ring of sustain abilities
 S - an uncursed ring of fire
Magical devices
 j - a wand of disintegration (3)
 E - a wand of frost (0)
 G - a wand of frost (22)
Scrolls
 f - 3 scrolls of identify
 h - 4 scrolls of remove curse
 i - a scroll of brand weapon {unknown}
 l - a scroll of magic mapping
 r - 2 scrolls of amnesia
 I - a scroll of fear {unknown}
 K - a scroll of vulnerability {unknown}
 L - 3 scrolls of enchant armour
Potions
 n - 4 potions of cancellation
 z - 2 potions of restore abilities
 F - a potion of resistance {unknown}
Books
 C - a book of Battle

   Spells                             Type                      Level
   Infusion                           Charms                       1
   Shroud of Golubria                 Charms/Translocation         2
   Song of Slaying                    Charms                       2
   Spectral Weapon                    Hexes/Charms                 3
   Regeneration                       Charms/Necromancy            3
 O - a book of Envenomations

   Spells                             Type                      Level
   Spider Form                        Transmutation/Poison         3
   Alistair's Intoxication            Transmutation/Poison         4
   Olgreb's Toxic Radiance            Poison                       4
   Poisonous Cloud                    Conjuration/Poison/Air       6
Comestibles
 d - 11 bread rations
 o - 10 fruits
 v - 4 meat rations
 H - 7 royal jellies
 Q - 3 beef jerkies
 R - a chunk of flesh


   Skills:
 - Level 3.0(8.0) Fighting
 * Level 11.7(16.7) Maces & Flails
 - Level 1.0(6.0) Throwing
 + Level 9.0(14.0) Armour
 - Level 1.0(6.0) Stealth


You had 9 spell levels left.
You didn't know any spells.

Dungeon Overview and Level Annotations

Branches:
Dungeon (10/15)            Temple (1/1) D:4
    Orc: D:9-12        Lair: D:8-11

Altars:
Ashenzari
Cheibriados
Dithmenos
Elyvilon
Fedhas
Gozag
Kikubaaqudgha
Makhleb
Nemelex Xobeh
Okawaru
Qazlal
Ru
Sif Muna
Trog
Vehumet
Xom
Yredelemnul
Zin
The Shining One

Annotations:
D:4 orc priest !
D:8 1100001001's ghost, experienced TrCK


Innate Abilities, Weirdness & Mutations

((You have a pair of antennae on your head.))
((You are partially covered in large bone plates (AC +2, SH +2).))
((Your flesh is heat resistant.))
You are slightly more attuned to the shadows.
((Your system is resistant to poisons.))


Message History

Use which ability? (? or * to list)
You gain the combat prowess of a mighty hero.
You feel slightly more hungry. The gargoyle hits you with a flail.
* * * LOW HITPOINT WARNING * * *
Drink which item? (? for menu, Esc to quit)
You feel better.
Eat which item? (? for menu, Esc to quit)
Okay, then.
Read which item? (? for menu, Esc to quit)
Okay, then.
Drink which item? (? for menu, Esc to quit)
You turn into a tree.
Your cursed +1 pair of boots melds into your body.
Your +2 ring mail of cold resistance melds into your body.
You feel less resistant to cold.
Your roots penetrate the ground.
The gargoyle hurls a stone arrow at you.
Helpless, you fail to dodge the stone arrow.
* * * LOW HITPOINT WARNING * * *
You hit the gargoyle but do no damage. The gargoyle hits you with a flail.
You die...

# #..# #..# . #..# ...
#..# ....####..####.
......9..........
.......♣....!....
########........#
#........# #........#
#........# #........# .
########........######..
.........................
........................


You could see a gargoyle.

Vanquished Creatures
  Erolcha (D:8)
  Grinder (D:6)
  Prince Ribbit (D:9)
  2 trolls
  A wyvern (D:6)
  Eustachio (D:8)
  A hungry ghost (D:8)
  Edmund (D:7)
  A hippogriff (D:7)
  Menkaure (D:6)
  A soldier ant (D:9)
  5 orc warriors
  3 phantoms
  A sky beast (D:6)
  5 ogres
  A yellow wasp (D:9)
  2 big kobolds
  Duvessa (D:9)
  3 centaurs
  5 giant frogs
  Blork the orc (D:7)
  A cyclops zombie (D:8)
  3 goliath beetles
  Dowan (D:9)
  4 hounds
  2 iguanas
  3 crimson imps
  4 jellies
  4 orc priests
  8 orc wizards
  A quasit (D:8)
  8 worker ants
  Ijyb (D:7)
  A hound zombie (D:6)
  6 gnolls
  6 adders
  A steam dragon zombie (D:7)
  A shadow imp (D:9)
  3 giant mites
  A worm (D:3)
  An iguana skeleton (D:8)
  9 giant geckos
  An ooze (D:3)
  24 orcs
  7 bats
  A bat skeleton (D:6)
  4 giant cockroaches
  13 hobgoblins
  10 jackals
  24 kobolds
  4 quokkas
  3 ball pythons
  2 giant newts
  A giant newt zombie (D:5)
  A giant spore (D:9)
  16 goblins
  15 rats
  7 ballistomycetes
241 creatures vanquished.

Vanquished Creatures (others)
  2 giant spores
2 creatures vanquished.

Grand Total: 243 creatures vanquished

Notes
Turn   | Place    | Note
--------------------------------------------------------------
     0 | D:1      | Gorice, the Demonspawn Wanderer, began the quest for the Orb.
     0 | D:1      | Reached XP level 1. HP: 18/18 MP: 1/1
   125 | D:1      | Gained mutation: You have a pair of small antennae on your head. [demonic ancestry]
   125 | D:1      | Reached XP level 2. HP: 14/24 MP: 2/2
   605 | D:1      | Gained mutation: You are slightly more attuned to the shadows. [demonic ancestry]
   605 | D:1      | Reached XP level 3. HP: 22/29 MP: 3/3
  1058 | D:2      | Reached skill level 4 in Armour
  2073 | D:3      | Reached XP level 4. HP: 31/35 MP: 4/4
  2518 | D:4      | Found a sacrificial altar of Ru.
  2532 | D:4      | Found a shattered altar of Ashenzari.
  2691 | D:4      | Found a staircase to the Ecumenical Temple.
  2717 | Temple   | Entered the Ecumenical Temple
  2895 | Temple   | Became a worshipper of Warmaster Okawaru
  2938 | D:4      | Found an iron altar of Okawaru.
  3067 | D:5      | Entered Level 5 of the Dungeon
  3067 | D:5      | Found an opulent altar of Gozag.
  3221 | D:5      | Noticed an ogre
  3234 | D:5      | Killed an ogre
  3234 | D:5      | Reached XP level 5. HP: 7/41 MP: 5/5
  3386 | D:5      | Noticed a centaur
  3407 | D:5      | Killed a centaur
  3407 | D:5      | Gained mutation: You are partially covered in large bone plates (AC +2, SH +2). [demonic ancestry]
  3407 | D:5      | Reached XP level 6. HP: 8/47 MP: 6/6
  3814 | D:5      | Reached skill level 5 in Armour
  4045 | D:4      | Reached skill level 5 in Maces & Flails
  4380 | D:6      | Found a sparkling altar of Nemelex Xobeh.
  4380 | D:6      | Noticed a wyvern
  4656 | D:6      | Acquired Okawaru's first power
  4656 | D:6      | Reached XP level 7. HP: 27/52 MP: 7/7
  4884 | D:6      | Reached skill level 6 in Maces & Flails
  5057 | D:6      | Noticed Grinder
  5058 | D:6      | Paralysed by Grinder for 7 turns
  5097 | D:6      | Killed Grinder
  5387 | D:6      | Noticed Menkaure
  5493 | D:6      | Killed Menkaure
  5493 | D:6      | Reached skill level 7 in Maces & Flails
  5493 | D:6      | Reached XP level 8. HP: 6/58 MP: 8/8
  5529 | D:6      | HP: 2/87 [phantom (5)]
  7324 | D:6      | Reached skill level 8 in Maces & Flails
  7769 | D:6      | Killed a wyvern
  7912 | D:7      | Noticed Edmund
  8085 | D:7      | Killed Edmund
  8106 | D:7      | Reached skill level 9 in Maces & Flails
  8194 | D:7      | Gained mutation: Your flesh is heat resistant. [demonic ancestry]
  8194 | D:7      | Reached XP level 9. HP: 63/63 MP: 9/9
  8396 | D:7      | Noticed Ijyb
  8445 | D:7      | Killed Ijyb
  8614 | D:7      | Gained mutation: Your system is resistant to poisons. [potion of beneficial mutation]
  8977 | D:7      | Noticed Blork the orc
  9250 | D:7      | Killed Blork the orc
  9534 | D:8      | Noticed 1100001001's ghost (experienced TrCK)
  9646 | D:8      | Reached skill level 10 in Maces & Flails
 10081 | D:8      | HP: 4/94 [hungry ghost (3)]
 10084 | D:8      | HP: 1/63 [hungry ghost (2)]
 10472 | D:8      | Found a glowing silver altar of Zin.
 10498 | D:8      | Noticed Erolcha
 10507 | D:8      | Killed Erolcha
 10507 | D:8      | Gained mutation: You have a pair of antennae on your head. [demonic ancestry]
 10507 | D:8      | Reached XP level 10. HP: 52/70 MP: 10/10
 10812 | D:8      | Noticed Eustachio
 10822 | D:8      | Killed Eustachio
 10822 | D:8      | Reached skill level 11 in Maces & Flails
 10945 | D:9      | Noticed Prince Ribbit
 10988 | D:9      | Killed Prince Ribbit
 11087 | D:9      | Noticed Dowan
 11088 | D:9      | Noticed Duvessa
 11737 | D:9      | Killed Dowan
 11890 | D:9      | Killed Duvessa
 12587 | D:10     | Entered Level 10 of the Dungeon
 12692 | D:10     | HP: 2/105 [gargoyle/stone arrow (22)]
 12693 | D:10     | Slain by a gargoyle

Action                   |  1- 3 |  4- 6 |  7- 9 | 10-12 || total
-------------------------+-------+-------+-------+-------++-------
Melee: Club              |    15 |       |       |       ||    15
       Mace              |   128 |   162 |    95 |       ||   385
       Whip              |       |       |    51 |       ||    51
       Dire flail        |       |       |   198 |   201 ||   399
 Fire: Hunting sling     |    33 |    75 |   193 |   103 ||   404
Throw: Stone             |    45 |       |       |       ||    45
       Tomahawk          |       |     8 |       |       ||     8
       Javelin           |       |     6 |     1 |     3 ||    10
Invok: Heroism           |       |       |     6 |     2 ||     8
Evoke: Wand              |       |       |     6 |       ||     6
  Use: Scroll            |     7 |    11 |     7 |       ||    25
       Potion            |       |     4 |     5 |     3 ||    12
 Stab: Sleeping          |     1 |       |       |     3 ||     4
  Eat: Chunk             |     4 |     7 |    16 |     2 ||    29
       Pizza             |       |     1 |     1 |       ||     2
       Beef jerky        |       |       |     1 |       ||     1
       Bread ration      |       |       |     1 |       ||     1
